 Dungeon Crawl Stone Soup version 0.27-a0-978-g2aa4ecdaef (webtiles) character file.

Game seed: 5307700106805482276

85 porpoise the Magician (level 4, -7/34 HPs)
             Began as a Djinni Venom Mage on Apr 15, 2021.
             Mangled by a gnoll
             ... wielding a +0 spear
              (8 damage)
             ... on level 3 of the Dungeon.
             The game lasted 00:09:50 (5023 turns).

porpoise the Magician (Djinni Venom Mage)           Turns: 5023, Time: 00:09:51

Health: -7/34      AC:  3    Str:  7    XL:     4   Next: 48%
Gold:   41         EV: 12    Int: 17    God:
                   SH:  0    Dex: 14

rFire    + + .     SeeInvis .   a - +0 whip
rCold    x . .     Faith    .   (no shield)
rNeg     . . .     Spirit   .   d - +0 robe
rPois    ∞         Reflect  .   (no helmet)
rElec    .         Harm     .   (no cloak)
rCorr    .         Rampage  .   b - +0 pair of gloves
Will     .....                  (boots unavailable)
Stlth    ++........             (no amulet)
HPRegen  0.11/turn              (no ring)
MPRegen  0.00/turn              (no ring)

@: flying
A: fire resistance 2, cold vulnerability 1, float, innate caster, hp casting,
extra vitality 1
a: no special abilities


You were on level 3 of the Dungeon.
You visited 1 branch of the dungeon, and saw 3 of its levels.

You collected 65 gold pieces.
You spent 24 gold pieces at shops.

Inventory:

Hand Weapons
 a - a +0 whip (weapon)
Missiles
 c - 76 stones
 g - 33 sling bullets
 h - 54 arrows
Armour
 b - a +0 pair of gloves (worn)
 d - a +0 robe (worn)
Scrolls
 f - a scroll of immolation {unknown}
 j - 2 scrolls of noise {unknown}
 k - a scroll of enchant armour {unknown}
 n - a scroll of fear {unknown}
Potions
 e - a potion of brilliance
 i - a potion of attraction
 l - 2 potions of lignification {unknown}
 m - a potion of might {unknown}
 o - a potion of curing {unknown}


   Skills:
 + Level 2.6 Fighting
 - Level 2.1 Dodging
 - Level 1.5 Stealth
 + Level 3.6 Spellcasting


You couldn't memorise any spells.
You knew the following spells:

 Your Spells              Type           Power      Damage    Failure   Level
a - Sting                 Tmut/Pois      60%        1d6       3%          1
b - Poisonous Vapours     Pois/Air       30%        N/A       5%          2
i - Ignite Poison         Fire/Tmut/Pois 15%        N/A       11%         3
m - Mephitic Cloud        Conj/Pois/Air  15%        N/A       11%         3
o - Olgreb's Toxic Radia  Pois           15%        N/A       36%         4
t - Apportation           Tloc           30%        N/A       3%          1
Your spell library was empty.

Dungeon Overview and Level Annotations

Branches:
Dungeon (3/15)

Altars:
Kikubaaqudgha

Shops:
D:1 *


Innate Abilities, Weirdness & Mutations

You are immune to poison.
Your flesh is very heat resistant. (rF++)
You are vulnerable to cold. (rC-)
You float through the air rather than walking.
You learn spells naturally, not from books.
Your magical power is your life essence.
You have superior vitality. (+4 HP)


Message History

Press: ? - help, Shift-Dir - straight line, f - gnoll, p - gnoll
Aim: a gnoll, wielding a +0 spear (almost dead, 23% to evade)
The sting hits the gnoll.
The gnoll is poisoned.
You kill the gnoll!
Casting: Sting (safe; 3% risk of failure)
Confirm with . or Enter, or press ? or * to list all spells.
Aiming: Sting (safe; 3% risk of failure)
Press: ? - help, Shift-Dir - straight line, f - gnoll
Aim: a gnoll, wielding a +0 spear (heavily wounded, 23% to evade)
The sting hits the gnoll but does no damage.
The gnoll is poisoned.
The gnoll is heavily wounded.
Casting: Sting (safe; 3% risk of failure)
Confirm with . or Enter, or press ? or * to list all spells.
Aiming: Sting (safe; 3% risk of failure)
Press: ? - help, Shift-Dir - straight line, f/p - gnoll
Aim: a gnoll, wielding a +0 spear (severely wounded, poisoned, 23% to evade)
The sting hits the gnoll.
The gnoll looks even sicker.
The gnoll is severely wounded.
The gnoll hits you from afar with a +0 spear!
The gnoll hits you with a +0 spear!
* * * LOW HITPOINT WARNING * * *
You closely miss the gnoll.
The gnoll is severely wounded.
The gnoll hits you with a +0 spear.
* * * LOW HITPOINT WARNING * * *
The gnoll hits you from afar with a +0 spear.
* * * LOW HITPOINT WARNING * * *
The gnoll barely misses you.
Casting: Sting (safe; 3% risk of failure)
Confirm with . or Enter, or press ? or * to list all spells.
Aiming: Sting (safe; 3% risk of failure)
Press: ? - help, Shift-Dir - straight line, f/p - gnoll
Aim: a gnoll, wielding a +0 spear (almost dead, poisoned, 23% to evade)
The sting hits the gnoll but does no damage.
The gnoll looks even sicker.
The gnoll is almost dead.
* * * LOW HITPOINT WARNING * * *
The gnoll hits you from afar with a +0 spear!
You die...

#.# #####.##.#.......#.#
#.#
#........#.......#.#####
#.###.#..##.....##.#....
........####.####......
.#..................##.
#.##..#..#..####...##.
#. #..#..#.#####...##.
#. #..#..#.# #.....### #
#.@#..#.# #.#...###
#..#..#.# #.###....
#.##.g...#.###.###.###
#........#.........#
##.##.########.#.### #
###...#.########....####
.......)...............'
###...#.########......##
##.##.# ###...###


You could see a gnoll (very poisoned).

Vanquished Creatures
  2 gnolls (D:3)
  A worm (D:3)
  6 endoplasms
  4 giant cockroaches
  11 goblins
  6 hobgoblins
  6 jackals (D:1)
  4 kobolds
  2 quokkas
  3 ball pythons (D:1)
  3 bats
  3 frilled lizards
  5 rats
56 creatures vanquished.

Notes
Turn   | Place    | Note
-------+----------+-------------------------------------------
     0 | D:1      | porpoise the Djinni Venom Mage began the quest for the Orb.
     0 | D:1      | Reached XP level 1. HP: 15/15 MP: 0/0
   426 | D:1      | Reached skill level 1 in Fighting
   426 | D:1      | Reached XP level 2. HP: 19/22 MP: 0/0
   597 | D:1      | Reached skill level 3 in Spellcasting
  1129 | D:1      | Reached XP level 3. HP: 24/27 MP: 0/0
  1129 | D:1      | Learned a level 1 spell: Apportation
  2554 | D:1      | Found Quikito's General Store.
  3519 | D:1      | Bought a scroll of identify for 24 gold pieces
  3803 | D:2      | Found a faded altar of an unknown god.
  3942 | D:2      | Reached XP level 4. HP: 24/33 MP: 0/0
  5018 | D:3      | HP: 1/34 [gnoll/+0 spear (2)]
  5023 | D:3      | Mangled by a gnoll

Illustrated notes

Levels and vault maps discovered:
D:1:      dpeg_arrival_round_a, layout_basic, serial_shops, shop
D:2:      layout_loops_ring, chequers_ecumenical_altar_simple_redux,
          kennysheep_potato
D:3:      layout_loops_corners, old_standard_altar

Skill      XL: |  1  2  3 |
---------------+----------+-----
Fighting       | 1 2 |  2.6
Spellcasting   | 3 |  3.6
Dodging        | |  2.1
Stealth        | |  1.5

Action                   |  1- 3 |  4- 6 || total
-------------------------+-------+-------++-------
Melee: Unarmed           |     2 |       ||     2
       Whip              |    25 |     7 ||    32
 Cast: Sting             |    28 |     9 ||    37
       Poisonous Vapours |    29 |    11 ||    40
  Use: Scroll            |     2 |       ||     2
Armor: Robe              |     7 |       ||     7
Dodge: Dodged            |    12 |     3 ||    15

Table legend: (Time is in decaauts)
 A = Elapsed time spent in this place.
 B = Non-inter-level travel time spent in this place.
 C = Inter-level travel time spent in this place.
 D = Time resting spent in this place.
 E = Time spent auto-exploring this place.
 F = Levels seen in this place.
 G = Mean time per level.
                   A        B        C        D        E       F      G
               +--------+--------+--------+--------+--------+-----+--------+
         Total |   5026 |   4921 |    105 |   2868 |   1749 |   3 | 1675.3 |
       Dungeon |   5026 |   4921 |    105 |   2868 |   1749 |   3 | 1675.3 |
               +--------+--------+--------+--------+--------+-----+--------+

Top non-repeatable levels by time:
     D:1: 2700 daAuts
     D:2: 1620 daAuts
     D:3: 705 daAuts
